 Dungeon Crawl Stone Soup version 0.17.2-1-ge4368a0 (webtiles) character file.

70 tidbits the Insei (level 3, -1/27 HPs)
             Began as a Demigod Transmuter on Sept 22, 2017.
             Slain by an adder (4 damage)
             ... on level 3 of the Dungeon.
             The game lasted 00:07:06 (1207 turns).

tidbits the Insei (Demigod Transmuter)              Turns: 1207, Time: 00:07:06

Health: -1/27      AC:  2    Str: 11    XL:     3   Next: 76%
Magic:  5/8        EV: 20    Int: 19    God:
Gold:   45         SH:  0    Dex: 21    Spells: 3 memorised, 0 levels left

rFire  . . .     SeeInvis .       - Unarmed
rCold  . . .     Clarity  .     (armour currently unavailable)
rNeg   . . .     SustAt   +     (shield currently unavailable)
rPois  x         Gourm    .     (helmet currently unavailable)
rElec  .         Spirit   .     (cloak currently unavailable)
rCorr  .         Warding  .     (gloves currently unavailable)
rMut   .         Stasis   .     (boots currently unavailable)
MR     .....                    (no amulet)
Stlth  ++........               (no ring)
                                (no ring)

@: lethally poisoned (-1 -> -48), spider-form (expiring), not resistant to
hostile enchantments, unstealthy
A: (molten scales 0), high mp 1, weak 1, wild magic 1, sustain attributes
a: End Transformation


You were on level 3 of the Dungeon.
You were not hungry.
You were a venomous arachnid creature.
You visited 1 branch of the dungeon, and saw 4 of its levels.

You collected 45 gold pieces.

Inventory:

Missiles
 a - 49 arrows
 g - 20 stones (quivered)
 n - 2 tomahawks
Armour
 b - a +0 robe
 B - a +3 leather armour (melded)
   (You found it on level 1 of the Dungeon)
Jewellery
 m - an uncursed amulet of stasis
   (You found it on level 2 of the Dungeon)
Scrolls
 i - a scroll of fear {unknown}
 j - a scroll of fog {unknown}
 l - a scroll of noise {unknown}
 o - a scroll of magic mapping {unknown}
 p - a scroll of remove curse {unknown}
Potions
 h - a potion of haste
 k - a potion of degeneration {unknown}
 r - 2 potions of poison
 s - a potion of agility {unknown}
 t - a potion of curing {unknown}
 v - a potion of cure mutation {unknown}
Books
 c - a book of Changes

   Spells                             Type                      Level
   a - Beastly Appendage              Transmutation                1
   b - Sticks to Snakes               Transmutation                2
   c - Spider Form                    Transmutation/Poison         3
   d - Ice Form                       Ice/Transmutation            4
   e - Blade Hands                    Transmutation                5
Comestibles
 d - 3 bread rations
 f - a meat ration
 q - 2 chunks of flesh
 u - a slice of pizza


   Skills:
 - Level 0.8 Fighting
 - Level 1.7 Dodging
 * Level 3.6 Unarmed Combat
 - Level 2.0 Spellcasting
 + Level 2.8 Transmutations


You couldn't memorise any spells.
You knew the following spells:

 Your Spells              Type           Power        Failure   Level  Hunger
e - Beastly Appendage     Trmt           ###...       34%         1    #......
k - Sticks to Snakes      Trmt           ###.......   38%         2    ###....
p - Spider Form           Trmt/Pois      ##........   71%         3    ###....


Dungeon Overview and Level Annotations

Branches:
Dungeon (4/15)
 Temple: D:4-7

Annotations:
D:2 Terence


Innate Abilities, Weirdness & Mutations

You have an increased reservoir of magic (+10% MP).
Your attributes are resistant to harm.
((You are partially covered in molten scales (AC +1).))
You are weak. (Str -2)
Your spells are a little harder to cast, but a little more powerful.


Message History

The goblin misses you.
You hit the goblin but do no damage.
The goblin looks even sicker.
The goblin is moderately wounded.
The goblin hits you but does no damage.
You completely miss the goblin.
The goblin is severely wounded.
You kill the goblin!
You now have 45 gold pieces (gained 9).
You see here an enchanted dagger.
Your transformation has ended.
Your +3 leather armour unmelds from your body.
HP restored.
Found a chain mail.
Found 10 gold pieces.
A giant newt comes into view.
Casting: Spider Form
Confirm with . or Enter, or press ? or * to list all spells.
You turn into a venomous arachnid creature.
Your +3 leather armour melds into your body.
You closely miss the giant newt. The giant newt completely misses you.
You hit the giant newt.
The giant newt is poisoned.
The giant newt is heavily wounded.
You kill the giant newt!
You see here a giant newt corpse.
You butcher the giant newt corpse.
q - 2 chunks of flesh (gained 1)
You see here a giant newt skeleton.
Your transformation is almost over.
A rat comes into view.
Found a hand axe and a ring mail.
An orc comes into view. It is wielding a mace.
The orc shouts!
An adder and an orc come into view.
An adder comes into view.
You see here 10 gold pieces.
An orc comes into view.
You miss the adder. The adder bites you.
The orc moves out of view.
The adder barely misses you.
You barely miss the adder.
Your transformation has ended.
Your +3 leather armour unmelds from your body.
The adder bites you but does no damage.
Casting: Spider Form
Confirm with . or Enter, or press ? or * to list all spells.
You turn into a venomous arachnid creature.
Your +3 leather armour melds into your body.
The adder misses you. The adder bites you.
You are poisoned.
The adder poisons you!
You closely miss the adder.
You feel sick. The adder completely misses you.
You completely miss the adder.
You feel sick. The adder closely misses you.
You closely miss the adder.
You feel sick. The adder misses you.
You closely miss the adder.
You feel sick. The adder completely misses you.
You closely miss the adder. The adder bites you.
You are lethally poisoned!
The adder poisons you! The adder closely misses you.
You barely miss the adder.
You feel sick. The adder misses you.
You closely miss the adder.
You feel sick. The adder misses you.
The orc shouts!
You bite the adder!
The adder is poisoned.
The adder is severely wounded.
You feel sick.
You kill the adder!
You hit the orc.
The orc is poisoned.
The orc is heavily wounded.
You feel sick. The orc misses you.
You hit the orc.
The orc is heavily wounded.
Your transformation is almost over.
You feel sick. The orc misses you.
You closely miss the orc.
The orc is severely wounded.
You feel sick.
You hit the orc.
The orc is poisoned.
The orc is heavily wounded.
* * * LOW HITPOINT WARNING * * *
You feel sick.
You hit the orc.
You kill the orc!
* * * LOW HITPOINT WARNING * * *
You feel sick.
You hit the rat.
You kill the rat!
* * * LOW HITPOINT WARNING * * *
You feel sick.
Drink which item? (? for menu, Esc to quit)
It was a potion of poison.
That liquid tasted very nasty...
You are more poisoned.
* * * LOW HITPOINT WARNING * * *
You feel very sick. The adder barely misses you.
Drink which item? (? for menu, Esc to quit)
It was a potion of mutation.
You feel extremely strange.
You feel weaker.
You feel less in control of your magic.
Molten scales grow over part of your body.
* * * LOW HITPOINT WARNING * * *
You feel very sick. The adder bites you.
You die...

#. #......##. #.
#......S.. #.
#.....o.#### #.
#...[........ ##
#.#.........#
#.#..........
######o#.........#
#..)sSo..........#
.....####...........#
... #...........# #
#####...........#
................#
############
#####.รท........#
#..[.......#
#.##########
###.######.#######.#
#.# #.........#


You could see an adder and 2 orcs.

Vanquished Creatures
  An adder (D:3)
  An ooze (D:2)
  A worm (D:2)
  A giant gecko (D:1)
  2 orcs (D:3)
  3 bats
  4 goblins
  4 hobgoblins
  2 jackals (D:1)
  3 ball pythons
  2 giant cockroaches
  3 giant newts
  5 kobolds
  A quokka (D:2)
  5 rats
38 creatures vanquished.

Vanquished Creatures (collateral kills)
  An adder (D:3)
  A worm (D:2)
2 creatures vanquished.

Grand Total: 40 creatures vanquished

Notes
Turn   | Place    | Note
--------------------------------------------------------------
     0 | D:1      | tidbits the Demigod Transmuter began the quest for the Orb.
     0 | D:1      | Reached XP level 1. HP: 15/15 MP: 5/5
    99 | D:1      | Reached skill level 2 in Transmutations
   150 | D:1      | Reached skill level 2 in Spellcasting
   209 | D:1      | Reached XP level 2. HP: 17/22 MP: 5/7
   213 | D:1      | Learned a level 2 spell: Sticks to Snakes
   478 | D:2      | Noticed Terence
   553 | D:2      | Reached skill level 3 in Unarmed Combat
   646 | D:3      | Found a blossoming altar of Fedhas.
   657 | D:3      | Reached XP level 3. HP: 12/27 MP: 4/8
   847 | D:2      | Learned a level 3 spell: Spider Form
  1207 | D:3      | Gained mutation: You are weak. (Str -2) [potion of mutation]
  1207 | D:3      | Gained mutation: Your spells are a little harder to cast, but a little more powerful. [potion of mutation]
  1207 | D:3      | Gained mutation: You are partially covered in molten scales (AC +1). [potion of mutation]
  1207 | D:3      | Slain by an adder

Action                   || total
-------------------------++-------
Melee: Unarmed           ||   138
 Cast: Beastly Appendage ||    22
       Sticks to Snakes  ||     5
       Spider Form       ||     7
  Use: Potion            ||     3
 Stab: Sleeping          ||     1
  Eat: Chunk             ||     3

Table legend:
 A = Turns spent in this place as a percentage of turns spent in the entire game.
 B = Non-inter-level travel turns spent in this place as a percentage of non-inter-level travel turns spent in the entire game.
 C = Inter-level travel turns spent in this place as a percentage of turns spent in this place.
 D = Turns resting spent in this place as a percentage of non-inter-level travel turns spent in this place.
 E = Turns spent auto-exploring this place as a percentage of non-inter-level travel turns spent in this place.
 F = Non-inter-level travel turns spent in this place divided by the number of levels of this place that you've seen.
                   A       B       C       D       E      F
               +-------+-------+-------+-------+-------+----------------------
         Total | 100.0 | 100.0 |   0.1 |   0.0 |   0.0 | 242.5
       Dungeon | 100.0 | 100.0 |   0.1 |   0.0 |   0.0 | 242.5
               +-------+-------+-------+-------+-------+----------------------

Table legend:
 A = Kills in this place as a percentage of kills in entire the game.
 B = Kills by you in this place as a percentage of kills by you in the entire game.
 C = Kills by friends in this place as a percentage of kills by friends in the entire game.
 D = Other kills in this place as a percentage of other kills in the entire game.
 E = Experience gained in this place as a percentage of experience gained in the entire game.
 F = Experience gained in this place divided by the number of levels of this place that you have seen.
                   A       B       C       D       E      F
               +-------+-------+-------+-------+-------+----------------------
         Total | 100.0 | 100.0 | 100.0 |  -nan | 100.0 |  25.0
       Dungeon | 100.0 | 100.0 | 100.0 |  -nan | 100.0 |  25.0
               +-------+-------+-------+-------+-------+----------------------

Vault maps used:
D:1:      minmay_arrival_up_and_down, minmay_surrounded
D:2:      nicolae_overflow_hidden_temple, first_bread, uniq_terence
D:3:      old_standard_altar, fedhas_altar_1
